 Dungeon Crawl Stone Soup version 0.28-a0-476-g0f06bd746f (webtiles) character file.

Game seed: 15195839352729105460

42 Squid the Skirmisher (level 3, 42/42 HPs)
             Began as an Ogre Berserker on Sept 16, 2021.
             Was a Follower of Trog.
             Quit the game on level 2 of the Dungeon.
             The game lasted 00:04:48 (2089 turns).

Squid the Skirmisher (Ogre Berserker)               Turns: 2089, Time: 00:04:49

Health: 42/42      AC:  3    Str: 22    XL:     3   Next: 56%
Magic:  3/3        EV: 10    Int:  8    God:    Trog [*.....]
Gold:   72         SH:  0    Dex:  8    Spells: 2/2 levels left

rFire   . . .      SeeInvis .   a - +0 hand axe
rCold   . . .      Faith    .   (no shield)
rNeg    . . .      Spirit   .   b - +0 animal skin
rPois   +          Reflect  .   (helmet restricted)
rElec   .          Harm     .   (no cloak)
rCorr   .          Rampage  .   (gloves unavailable)
Will    .....                   (boots unavailable)
Stlth   +.........              (no amulet)
HPRegen 0.14/turn               f - ring of poison resistance
MPRegen 0.08/turn               (no ring)

@: no status effects
A: large, unfitting armour, tough skin 1
a: Renounce Religion, Berserk


You were on level 2 of the Dungeon.
You worshipped Trog.
Trog was aware of your devotion.
You visited 1 branch of the dungeon, and saw 2 of its levels.

You collected 72 gold pieces.

Inventory:

Hand Weapons
 a - a +0 hand axe (weapon)
Missiles
 e - 16 poisoned darts (quivered)
Armour
 b - a +0 animal skin (worn)
Jewellery
 f - a ring of poison resistance (left hand)
Scrolls
 c - a scroll of enchant armour
 h - a scroll of identify
 j - 2 scrolls of teleportation
Potions
 d - a potion of curing


   Skills:
 + Level 5.1 Fighting
 + Level 3.7 Axes
 - Level 2.6 Dodging


You had 2 spell levels left.
You didn't know any spells.
Your spell library was empty.

Dungeon Overview and Level Annotations

Branches:
Dungeon (2/15)

Altars:

Shops:
D:2 =?[=*


Innate Abilities, Weirdness & Mutations

You are too large for most types of armour.
You have tough skin. (AC +1)


Message History

Moving in this stuff is going to be slow.
There is an entrance to Fuefoh's Jewellery Boutique here.
Found Boawoiw's General Store.
There is an entrance to Boawoiw's General Store here.
Things that are here:
a +0 leather armour; a ring of magical power An endoplasm comes into view.
An endoplasm is nearby!
The endoplasm quivers.
The endoplasm closely misses you.
You hit the endoplasm but do no damage.
The endoplasm hits you but does no damage.
You barely miss the endoplasm.
The endoplasm hits you but does no damage.
You hit the endoplasm.
The endoplasm is moderately wounded.
The endoplasm closely misses you.
You hit the endoplasm.
The endoplasm is moderately wounded.
The endoplasm freezes you.
You are frozen.
You hit the endoplasm.
You kill the endoplasm!
Trog accepts your kill.
There is an entrance to Sun Eneb's Armour Shoppe here.
A rat comes into view.
A rat is nearby!
The rat bites you.
You closely miss the rat. The rat closely misses you.
The rat bites you but does no damage.
You hit the rat.
You kill the rat!
Trog accepts your kill.
You see here a rat corpse.
Found a stone staircase leading up.
There is a stone staircase leading up here.
Found a stone staircase leading down.
There is a stone staircase leading up here.
Done exploring.
Are you sure you want to abandon this character and quit the game? (Confirm with "yes".)

#..#####^........#...♣..∩..♣.###
##.# ##..###.##......♣...♣..#
##.####................♣.♣...#
........#.....##.#.#....♣...##
#......#####..##.#.#......###
#.....## ###...†...########
#....## #.......### #....#
#.......# ###### #......@#
#.......# #.......# #.......#
#.......# #.......# #.......#
#########


There were no monsters in sight!

Vanquished Creatures
  2 adders (D:2)
  A ball python (D:1)
  5 endoplasms
  A goblin (D:2)
  A quokka (D:2)
  4 bats
  7 frilled lizards
  A kobold (D:1)
  4 rats
26 creatures vanquished.

Vanquished Creatures (others)
  2 plants (D:2)
2 creatures vanquished.

Grand Total: 28 creatures vanquished

Notes
Turn   | Place    | Note
-------+----------+-------------------------------------------
     0 | D:1      | Squid the Ogre Berserker began the quest for the Orb.
     0 | D:1      | Reached XP level 1. HP: 24/24 MP: 1/1
   270 | D:1      | Reached XP level 2. HP: 31/33 MP: 2/2
   903 | D:2      | Found Sun Eneb's Armour Shoppe.
   962 | D:2      | Found Qozam's Magic Scroll Shop.
   988 | D:2      | Found Noxt's Jewellery Shoppe.
  1014 | D:2      | Reached XP level 3. HP: 33/41 MP: 3/3
  1662 | D:2      | Reached skill level 5 in Fighting
  1858 | D:2      | Found Fuefoh's Jewellery Boutique.
  1886 | D:2      | Found Boawoiw's General Store.
  2089 | D:2      | Quit the game

Illustrated notes

Levels and vault maps discovered:
D:1:      lightli_arrival_statuegarden, layout_basic
D:2:      layout_rooms, serial_shops, shop, shop_scrolls,
          nicolae_lakefront_shop, nicolae_diamond_shop, nicolae_shop_waterfront,
          minmay_misc_feat_more_columns, minmay_lizard_king

Skill      XL: |  1  2  3 |
---------------+----------+-----
Fighting       | 5 |  5.1
Axes           | |  3.7
Dodging        | |  2.6

Action                   || total
-------------------------++-------
Melee: Hand axe          ||    78
Throw: Dart              ||    11
  Use: Scroll            ||     3
       Potion            ||     4
Armor: Animal skin       ||    40
Dodge: Dodged            ||    59

Table legend: (Time is in decaauts)
 A = Elapsed time spent in this place.
 B = Non-inter-level travel time spent in this place.
 C = Inter-level travel time spent in this place.
 D = Time resting spent in this place.
 E = Time spent auto-exploring this place.
 F = Levels seen in this place.
 G = Mean time per level.
                   A        B        C        D        E       F      G
               +--------+--------+--------+--------+--------+-----+--------+
         Total |   2114 |   2072 |     42 |    507 |   1194 |   2 | 1057.0 |
       Dungeon |   2114 |   2072 |     42 |    507 |   1194 |   2 | 1057.0 |
               +--------+--------+--------+--------+--------+-----+--------+

Top non-repeatable levels by time:
     D:2: 1213 daAuts
     D:1: 900 daAuts
